 Dungeon Crawl Stone Soup version 0.20-a0-556-g892c87b (webtiles) character file.

188 polly the Shield-Bearer (level 5, -1/32 HPs)
             Began as a Gargoyle Fighter on Feb 5, 2017.
             Slain by Natasha (6 damage)
             ... on level 2 of the Dungeon.
             The game lasted 00:02:57 (1490 turns).

polly the Shield-Bearer (Gargoyle Fighter)          Turns: 1490, Time: 00:02:57

Health: -1/32      AC: 14    Str: 21    XL:     5   Next: 67%
Magic:  5/5        EV:  8    Int:  8    God:
Gold:   128        SH:  9    Dex:  9    Spells: 4/4 levels left

rFire    . . .     SeeInvis .   a - +0 flail
rCold    . . .     Gourm    .   b - +0 scale mail
rNeg     + + .     Faith    .   c - +0 shield
rPois    ∞         Spirit   .   r - +2 helmet
rElec    +         Reflect  .   (no cloak)
rCorr    .         Harm     .   (no gloves)
MR       .....                  (no boots)
Stlth    ..........             (no amulet)
Regen    0.1/turn               q - ring of positive energy
                                g - ring of loudness (curse)

@: no status effects
A: negative energy resistance 1, electricity resistance, unbreathing,
petrification resistance, rot immunity, AC +4
a: no special abilities


You were on level 2 of the Dungeon.
You were not hungry.

You visited 1 branch of the dungeon, and saw 2 of its levels.

You collected 128 gold pieces.

Inventory:

Hand Weapons
 a - a +0 flail (weapon)
Armour
 b - a +0 scale mail (worn)
 c - a +0 shield (worn)
 r - a +2 helmet (worn)
Jewellery
 g - a cursed ring of loudness (left hand)
 q - a ring of positive energy (right hand)
Scrolls
 e - 4 scrolls of remove curse {unknown}
 h - 2 scrolls of identify {unknown}
 i - 2 scrolls of amnesia {unknown}
 j - a scroll of teleportation {unknown}
 m - a scroll of fog {unknown}
 n - a scroll of enchant weapon {unknown}
Potions
 k - 3 potions of heal wounds
 o - 2 potions of mutation {unknown}
 p - a potion of invisibility {unknown}
Comestibles
 d - 2 chunks of flesh
 f - 3 bread rations
 l - 3 meat rations


   Skills:
 + Level 3.5 Fighting
 + Level 3.4 Maces & Flails
 + Level 4.3 Armour
 + Level 1.0 Dodging
 + Level 4.6 Shields


You had 4 spell levels left.
You didn't know any spells.

Dungeon Overview and Level Annotations

Branches:
Dungeon (2/15)

Altars:
Ru

Annotations:
D:2 Natasha


Innate Abilities, Weirdness & Mutations

You are resistant to torment.
Your stone body is resilient. (AC +4)
You are immune to poison.
You resist negative energy. (rN+)
You are resistant to electric shocks. (rElec)
You can survive without breathing.
You are immune to petrification.
You are immune to rotting.


Message History

The crimson imp hits you but does no damage.
The iron imp hits you but does no damage.
Natasha claws you but does no damage.
Unknown command.
You closely miss Natasha.
Natasha is severely wounded.
The crimson imp disappears in a puff of smoke!
The iron imp closely misses you.
Natasha mumbles some strange words.
You feel troubled. Natasha barely misses you. The iron imp closely misses you.
You hit Natasha but do no damage.
Natasha is severely wounded.
Natasha stares at you and mumbles some strange words.
The magic dart hits you! The iron imp barely misses you.
Unknown command.
You barely miss Natasha.
Natasha is severely wounded.
Natasha claws you.
You die...

### #.. #.#
#######.##########.##
...........)§@h.....#
######%#####5.......
#.....#.####..#
+#######'....# #
#...#...#.####
#...#...#... ..
#.......##### #.
###._.####### #. #
#...)...#...## #. .#


You could see an iron imp and Natasha.

Vanquished Creatures
  An orc wizard (D:2)
  Ijyb (D:2)
  Natasha (D:2)
  Robin (D:2)
  4 adders (D:2)
  A leopard gecko (D:1)
  2 ball pythons (D:1)
  3 giant cockroaches
  13 goblins
  7 hobgoblins
  4 jackals (D:2)
  5 bats
  4 frilled lizards (D:1)
  8 kobolds
  9 rats
64 creatures vanquished.

Notes
Turn   | Place    | Note
-------+----------+-------------------------------------------
     0 | D:1      | polly the Gargoyle Fighter began the quest for the Orb.
     0 | D:1      | Reached XP level 1. HP: 14/14 MP: 1/1
   150 | D:1      | Reached XP level 2. HP: 19/19 MP: 2/2
   350 | D:1      | Reached XP level 3. HP: 22/23 MP: 3/3
   879 | D:2      | Found a sacrificial altar of Ru.
   957 | D:2      | Noticed Natasha
   971 | D:2      | HP: 1/23 [shadow imp[Natasha] (1)]
   979 | D:2      | Killed Natasha
   979 | D:2      | Reached XP level 4. HP: 17/28 MP: 4/4
  1118 | D:2      | Noticed Ijyb
  1145 | D:2      | Killed Ijyb
  1145 | D:2      | Reached XP level 5. HP: 29/32 MP: 5/5
  1152 | D:2      | Noticed Robin
  1186 | D:2      | Killed Robin
  1429 | D:2      | Found a sacrificial altar of Ru.
  1448 | D:2      | Reached skill level 1 in Dodging
  1466 | D:2      | Noticed Natasha
  1490 | D:2      | Slain by Natasha

Vault maps used:
D:1:      sevenhm_arrival_forest_fort_large_3, minmay_close_crescents
D:2:      marbit_many_paths, lemuel_crystal_altar,
          nicolae_ru_great_annihilating_truth, uniq_natasha, uniq_robin,
          uniq_iyjb

Skill      XL: |  1  2  3  4  5 |
---------------+----------------+-----
Shields        | 4 |  4.6
Armour         | 4 |  4.3
Maces & Flails | 3 |  3.4
Dodging        | 1 |  1.0
Fighting       | |  3.5

Action                   |  1- 3 |  4- 6 || total
-------------------------+-------+-------++-------
Melee: Flail             |   153 |   122 ||   275
  Use: Potion            |     2 |       ||     2
 Stab: Paralysed         |       |     2 ||     2
  Eat: Chunk             |       |     3 ||     3
Armor: Scale mail        |    99 |    79 ||   178
Dodge: Dodged            |    60 |    67 ||   127
Block: Shield            |    83 |    95 ||   178
